 Dungeon Crawl Stone Soup version 0.23.2 (webtiles) character file.

Game seed: 789653188738365524

63 Kairos the Cudgeler (level 4, 0/29 HPs)
             Began as a Gargoyle Monk on Apr 4, 2019.
             Slain by an orc
             ... wielding a +0 falchion
              (3 damage)
             ... on level 4 of the Dungeon.
             The game lasted 00:01:58 (790 turns).

Kairos the Cudgeler (Gargoyle Monk)                  Turns: 790, Time: 00:01:59

Health: 0/29       AC:  4    Str: 15    XL:     4   Next: 9%
Magic:  4/4        EV: 13    Int: 11    God:
Gold:   51         SH:  0    Dex: 12    Spells: 3/3 levels left

rFire    . . .     SeeInvis +   g - +0 whip
rCold    + . .     Gourm    .   (no shield)
rNeg     + . .     Faith    .   b - +0 robe
rPois    ∞         Spirit   .   (helmet restricted)
rElec    +         Reflect  .   (no cloak)
rCorr    .         Harm     .   (no gloves)
MR       .....                  (no boots)
Stlth    ++........             (no amulet)
HPRegen  0.09/turn              (no ring)
MPRegen  0.09/turn              (no ring)

@: no status effects
A: horns 1, see invisible, cold resistance 1, deformed body, negative energy
resistance 1, electricity resistance, unbreathing, petrification resistance, rot
immunity, AC +3
a: no special abilities


You were on level 4 of the Dungeon.
You were not hungry.

You visited 1 branch of the dungeon, and saw 3 of its levels.

You collected 51 gold pieces.

Inventory:

Hand Weapons
 a - a +0 mace
 g - a +0 whip (weapon)
Armour
 b - a +0 robe (worn)
Comestibles
 c - 3 rations


   Skills:
 + Level 3.8 Fighting
 + Level 3.9 Maces & Flails
 + Level 3.0 Dodging
 + Level 2.3 Stealth


You had 3 spell levels left.
You didn't know any spells.
Your spell library was empty.

Dungeon Overview and Level Annotations

Branches:
Dungeon (2/15)

Altars:


Innate Abilities, Weirdness & Mutations

You are resistant to torment.
Your stone body is resilient. (AC +3)
You are immune to poison.
You resist negative energy. (rN+)
You are resistant to electric shocks. (rElec)
You can survive without breathing.
You are immune to petrification.
You are immune to rotting.
You have a pair of small horns on your head.
You have supernaturally acute eyesight. (SInv)
Your flesh is cold resistant. (rC+)
Armour fits poorly on your strangely shaped body.


Message History

The orc is moderately wounded.
Throwing (i - inventory)
e - 2 tomahawks (quivered)
Press: ? - help, Shift-Dir - straight line, f/p - orc
Aim: an orc, wielding a +0 falchion (moderately wounded)
You throw a tomahawk. The tomahawk hits the orc.
The orc is severely wounded.
Throwing (i - inventory)
e - a tomahawk (quivered)
Press: ? - help, Shift-Dir - straight line, f/p - orc
Aim: an orc, wielding a +0 falchion (severely wounded)
You throw a tomahawk. The tomahawk barely misses the orc.
The orc hits you with a +0 falchion.
* * * LOW HITPOINT WARNING * * *
You barely miss the orc.
The orc is severely wounded.
The orc hits you with a +0 falchion.
* * * LOW HITPOINT WARNING * * *
You closely miss the orc.
The orc is severely wounded.
The orc hits you with a +0 falchion.
You die...

#.# #.#
.(# #(#
#.# #(#
#.# #o#
#@#
########)#
O........#
##########


You could see an orc.

Vanquished Creatures
  An orc wizard (D:4)
  A worm (D:4)
  3 orcs (D:4)
  2 giant cockroaches (D:1)
  3 goblins (D:1)
  5 hobgoblins
  4 kobolds (D:1)
  A ball python (D:1)
  3 bats (D:1)
  3 frilled lizards
  2 rats (D:1)
28 creatures vanquished.

Notes
Turn   | Place    | Note
-------+----------+-------------------------------------------
     0 | D:1      | Kairos the Gargoyle Monk began the quest for the Orb.
     0 | D:1      | Reached XP level 1. HP: 14/14 MP: 1/1
   103 | D:1      | Reached XP level 2. HP: 11/19 MP: 2/2
   724 | D:1      | Gained mutation: Your flesh is cold resistant. (rC+)
                  | [potion of mutation]
   724 | D:1      | Gained mutation: Armour fits poorly on your strangely
                  | shaped body. [potion of mutation]
   724 | D:1      | Gained mutation: You have a pair of small horns on your
                  | head. [potion of mutation]
   724 | D:1      | Gained mutation: You have supernaturally acute eyesight.
                  | (SInv) [potion of mutation]
   730 | D:2      | Reached XP level 3. HP: 23/24 MP: 3/3
   743 | D:2      | You fall through a shaft for 2 floors!
   744 | D:4      | Noticed an ogre
   783 | D:4      | Reached XP level 4. HP: 5/29 MP: 4/4
   790 | D:4      | Slain by an orc

Skill      XL: |  1  2  3 |
---------------+----------+-----
Dodging        | 3 |  3.0
Fighting       | |  3.8
Maces & Flails | |  3.9
Stealth        | |  2.3

Action                   |  1- 3 |  4- 6 || total
-------------------------+-------+-------++-------
Melee: Mace              |    57 |       ||    57
       Whip              |    37 |     2 ||    39
       Headbutt          |     8 |       ||     8
Throw: Tomahawk          |       |     3 ||     3
  Use: Scroll            |     2 |       ||     2
       Potion            |     1 |       ||     1
 Stab: Sleeping          |     1 |       ||     1
Armor: Robe              |    35 |       ||    35
Dodge: Dodged            |    69 |       ||    69
